AoeStats
← crypto_zhupel

Nomad

504227374Analyzed
2v2 RM · 27d ago on Sep 4, 2026· 50m 33s· 4 players
Game mode
Random Map
Map size
176×176
Population
200
Speed
Normal
Resources
Standard
Victory
Conquest
Starting age
Dark Age
Ending age
Imperial Age
RankedLock teamsTeams togetherTeam positionsShared explorationLock speedFull tech treeHidden civsTurbo modeCheats
Victory
Defeat
🇹🇼 Japanese · Taiwan
1433
+16
🇯🇵 Spanish · Japan
1415
+17
🇷🇺 Wu · Russia
1451
-17
🇷🇺 Spanish · Russia
1425
-16
ken4403
10:39 Loom
13:10 Feudal Age
12:27 Loom
14:38 Town Watch
21:52 Castle Age
19:42 Double-Bit Axe
20:11 Fishing Lines
20:48 Horse Collar
21:00 Gold Mining
23:14 Bow Saw
25:18 Padded Archer Armor
28:20 Guard Tower
31:23 Wheelbarrow
32:46 Heavy Plow
35:57 Imperial Age
35:11 Gillnets
36:48 Fletching
40:05 Conscription
42:34 Scale Barding Armor
42:40 Forging
43:01 Bloodlines
42:51 Husbandry
42:56 Light Cavalry
43:57 Chain Barding Armor
44:23 Hussar
46:36 Iron Casting
47:44 Plate Barding Armor
50:21 Blast Furnace
49:47 Bodkin Arrow
50:10 Leather Archer Armor
No_English
5:28 Loom
14:20 Feudal Age
18:27 Castle Age
16:43 Double-Bit Axe
18:11 Horse Collar
18:24 Stone Mining
18:28 Gold Mining
19:19 Medium Warships
20:57 Bow Saw
22:47 Wheelbarrow
22:36 Scale Mail Armor
22:57 Heavy Plow
23:43 Fletching
24:20 Bodkin Arrow
24:40 Town Watch
24:58 Padded Archer Armor
25:05 Elite Skirmisher
26:59 Leather Archer Armor
27:33 Ballistics
28:14 Squires
28:10 Stone Mining
30:24 Chain Mail Armor
30:17 Gambesons
31:16 Hand Cart
32:59 Arson
33:26 Forging
35:00 Gold Shaft Mining
37:42 Imperial Age
35:12 Demolition Ship
35:43 Treadmill Crane
35:59 Murder Holes
35:49 Pikeman
37:10 Thumb Ring
38:34 Bracer
38:41 Halberdier
39:57 Conscription
40:52 Ring Archer Armor
40:53 Yasama
41:59 Chemistry
42:07 Guard Tower
43:56 Kataparuto
43:25 Arrowslits
44:16 Keep
44:33 Elite Samurai
46:10 Plate Mail Armor
45:01 Man-at-Arms
45:50 Siege Engineers
48:19 Fortified Wall
50:00 Iron Casting
crypto_zhupel
4:55 Loom
13:51 Feudal Age
17:20 Castle Age
27:20 Horse Collar
27:31 Double-Bit Axe
29:37 Horse Collar
33:03 Heavy Plow
35:22 Bow Saw
36:17 Wheelbarrow
38:02 Padded Archer Armor
39:47 Leather Archer Armor
39:54 Husbandry
40:10 Light Cavalry
41:01 Bloodlines
42:23 Hand Cart
43:40 Gold Mining
43:40 Stone Mining
46:20 Scale Barding Armor
49:22 Imperial Age
50:02 Imperial Age
47:54 Chain Barding Armor
48:41 Forging
51:08 Supremacy
youteGG_mangoneluser
5:18 Loom
13:16 Feudal Age
16:51 Castle Age
16:13 Double-Bit Axe
17:14 Fletching
18:02 Town Watch
18:54 Bow Saw
18:44 Bodkin Arrow
23:40 Forging
27:27 Red Cliffs Tactics
27:47 Medium Warships
31:30 Wheelbarrow
35:33 Imperial Age
35:49 Ballistics
36:16 Bracer
37:18 Chemistry
38:04 Conscription
41:40 Masonry
44:19 Elite Fire Archer
44:56 Gold Mining
46:21 Hand Cart
47:22 Elite Skirmisher
48:12 Padded Archer Armor
49:17 Crossbowman
Connection lost

Rejoining the realm…

Still unreachable

The connection could not be restored.

Session expired

The server has moved on; the page needs a fresh start.